 Dungeon Crawl Stone Soup version 0.19.5 (webtiles) character file.

77 McKennaii the Skirmisher (level 4, -9/35 HPs)
             Began as a Demonspawn Abyssal Knight on Apr 25, 2017.
             Was a Believer of Lugonu.
             Killed from afar by an orc wizard (10 damage)
             ... with a magic dart
             ... on level 3 of the Dungeon.
             The game lasted 00:04:03 (1971 turns).

McKennaii the Skirmisher (DsAK)                     Turns: 1971, Time: 00:04:03

Health: -9/35      AC:  4    Str: 13    XL:     4   Next: 13%
Magic:  5/5        EV: 11    Int: 13    God:    Lugonu [**....]
Gold:   66         SH:  0    Dex: 13    Spells: 0 memorised, 3 levels left

rFire  . . .     SeeInvis .     a - +1 falchion
rCold  . . .     Gourm    .     b - +0 leather armour
rNeg   + . .     Faith    .     (no shield)
rPois  .         Spirit   .     (helmet restricted)
rElec  .         Reflect  .     (no cloak)
rCorr  .         Harm     .     (no gloves)
MR     .....                    o - +0 pair of boots
Stlth  +.........               g - amulet of rage
                                (no ring)
                                m - ring of positive energy

@: no status effects
A: horns 1, rot immunity
a: Depart the Abyss, Bend Space, Renounce Religion, Evoke Berserk Rage


You were on level 3 of the Dungeon.
You worshipped Lugonu.
Lugonu was pleased with you.
You were not hungry.

You visited 1 branch of the dungeon, and saw 3 of its levels.
You visited the Abyss 1 time.

You collected 66 gold pieces.

Inventory:

Hand Weapons
 a - a +1 falchion (weapon)
Armour
 b - a +0 leather armour (worn)
 o - a +0 pair of boots (worn)
Jewellery
 e - a +3 amulet of reflection
 g - an amulet of rage (around neck)
 m - a ring of positive energy (left hand)
Scrolls
 f - a scroll of magic mapping {unknown}
 h - 2 scrolls of identify {unknown}
 i - 2 scrolls of teleportation {unknown}
 l - a scroll of recharging {unknown}
Potions
 d - a potion of cure mutation {unknown}
 j - a potion of mutation {unknown}
 n - a potion of heal wounds {unknown}
Comestibles
 c - 2 bread rations
 k - a meat ration


   Skills:
 + Level 3.5 Fighting
 + Level 2.9 Long Blades
 + Level 2.3 Armour
 + Level 1.2 Dodging
 + Level 0.4 Stealth
 + Level 2.6 Invocations


You had 3 spell levels left.
You didn't know any spells.

Dungeon Overview and Level Annotations

Branches:
Dungeon (3/15)

Altars:
Ashenzari
Hepliaklqana
Kikubaaqudgha
Sif Muna


Innate Abilities, Weirdness & Mutations

You have a pair of small horns on your head.
You are immune to rotting.


Message History

You closely miss the orc wizard. Your headbutt misses the orc wizard.
The orc wizard is heavily wounded.
The orc wizard closely misses you.
The orc priest hits you but does no damage.
The orc wizard casts a spell at you. The magic dart hits you!
You hit the orc wizard.
The orc wizard is heavily wounded.
The orc priest mumbles some strange prayers to Beogh against you.
Pain shoots through your body!
* * * LOW HITPOINT WARNING * * *
The orc wizard points at you and mumbles some strange words.
The magic dart hits you!
* * * LOW HITPOINT WARNING * * *
The orc priest hits you but does no damage.
You hit the orc wizard.
The orc wizard is almost dead.
The orc wizard gestures at you while chanting.
The magic dart hits you!
You die...

##.).## ###)).####
#####...#.##.. .
........#.##.# ..
..........##<# ##...
...........#.##.....
....................
...........$.....>.#
########!...@(....##
#....oo.....#
#.####.....## ...
.....## .... ....##
... ...### ...#
....#


You could see an orc priest and an orc wizard.

Vanquished Creatures
  An ooze (D:2)
  A worm (D:2)
  A leopard gecko (D:1)
  7 orcs (D:3)
  5 giant cockroaches
  3 goblins
  5 hobgoblins
  12 jackals
  2 quokkas (D:2)
  2 ball pythons (D:2)
  2 bats
  4 frilled lizards
  5 kobolds
  5 rats
55 creatures vanquished.

Notes
Turn   | Place    | Note
-------+----------+-------------------------------------------
     0 | Abyss:1  | McKennaii the Demonspawn Abyssal Knight began the quest for the Orb.
     0 | Abyss:1  | Reached XP level 1. HP: 18/18 MP: 2/2
    99 | Abyss:2  | Noticed a starcursed mass
    99 | D:1      | Escaped the Abyss
   210 | D:1      | Reached * piety under Lugonu
   478 | D:1      | Gained mutation: You have a pair of small horns on your head. [demonic ancestry]
   478 | D:1      | Reached XP level 2. HP: 24/24 MP: 3/3
   865 | D:2      | Found a hazy altar of Hepliaklqana.
   895 | D:2      | Reached XP level 3. HP: 25/29 MP: 4/4
   919 | D:2      | Found a shattered altar of Ashenzari.
  1055 | D:2      | Found an ancient bone altar of Kikubaaqudgha.
  1300 | D:2      | Reached ** piety under Lugonu
  1502 | D:2      | Reached skill level 1 in Dodging
  1560 | D:2      | Found a deep blue altar of Sif Muna.
  1931 | D:3      | Found a faded altar of an unknown god.
  1944 | D:3      | Gained mutation: You are immune to rotting. [demonic ancestry]
  1944 | D:3      | Reached XP level 4. HP: 17/35 MP: 5/5
  1970 | D:3      | HP: 1/35 [orc wizard/magic dart (8)]
  1971 | D:3      | Killed from afar by an orc wizard

Skill      XL: |  1  2  3 |
---------------+----------+-----
Armour         | 2 |  2.3
Long Blades    | 2 |  2.9
Dodging        | 1 |  1.2
Fighting       | |  3.5
Stealth        | |  0.4
Invocations    | |  2.6

Action                   |  1- 3 |  4- 6 || total
-------------------------+-------+-------++-------
Melee: Falchion          |   124 |    13 ||   137
       Headbutt          |    21 |     2 ||    23
Invok: Depart the Abyss  |     1 |       ||     1
  Eat: Meat ration       |     1 |       ||     1
       Pizza             |     1 |       ||     1
       Chunk             |     1 |       ||     1
Armor: Leather armour    |    28 |     4 ||    32
Dodge: Dodged            |   105 |    11 ||   116
       Rpst.: Falchion   |    48 |     2 ||    50
